 Dungeon Crawl Stone Soup version 0.28.0-53-g5a82cb258f (webtiles) character file.

Game seed: 13120225840388290388

254 gobodom the Chopper (level 5, -5/41 HPs)
             Began as a Demonspawn Gladiator on June 18, 2022.
             Slain by Grinder (8 damage)
             ... while paralysed by Grinder
             ... on level 3 of the Dungeon.
             The game lasted 00:13:42 (3767 turns).

gobodom the Chopper (Demonspawn Gladiator)          Turns: 3767, Time: 00:13:42

Health: -5/41      AC:  4    Str: 16    XL:     5   Next: 90%
Magic:  5/5        EV:  2    Int: 10    God:
Gold:   150        SH:  0    Dex: 14    Spells: 4/4 levels left

rFire   . . .      SeeInvis .   a - +0 war axe (elec)
rCold   . . .      Faith    .   (no shield)
rNeg    . . .      Spirit   .   b - +0 leather armour
rPois   .          Reflect  .   (helmet restricted)
rElec   .          Harm     .   e - +0 cloak
rCorr   .          Rampage  .   (no gloves)
Will    .....                   (no boots)
Stlth   +.........              (no amulet)
HPRegen 0.13/turn               (no ring)
MPRegen 0.09/turn               (no ring)

@: paralysed, mighty
A: antennae 1, demonic magic 1
a: no special abilities


You were on level 3 of the Dungeon.
You visited 1 branch of the dungeon, and saw 4 of its levels.

You collected 150 gold pieces.

Inventory:

Hand Weapons
 a - a +0 war axe of electrocution (weapon)
 i - a +4 dagger of venom
Armour
 b - a +0 leather armour (worn)
 e - a +0 cloak (worn)
 j - a +0 robe of willpower
Scrolls
 f - a scroll of fog
Potions
 g - a potion of brilliance


   Skills:
 + Level 3.1 Fighting
 + Level 4.3 Axes
 + Level 2.0 Throwing
 + Level 2.0 Armour
 + Level 3.5 Dodging
 + Level 0.8 Stealth


You had 4 spell levels left.
You didn't know any spells.
Your spell library contained the following spells:

 Spells                   Type           Power      Damage    Failure   Level
 Shock                    Conj/Air       0%         1d3       43%         1
 Swiftness                Air            0%         N/A       80%         3
 Airstrike                Air            0%         N/A       99%         4
 Summon Lightning Spire   Summ/Air       0%         N/A       99%         4
 Storm Form               Tmut/Air       0%         N/A       100%        7
 Maxwell's Capacitive Co  Air            0%         ∞         100%        8


Dungeon Overview and Level Annotations

Branches:
Dungeon (4/15)
 Temple: D:4-7

Altars:
Dithmenos
Gozag

Annotations:
D:3 Grinder


Innate Abilities, Weirdness & Mutations

You have a pair of small antennae on your head.
Spells you cast may paralyse adjacent enemies.


Message History

You hit Grinder.
Grinder is lightly wounded.
Grinder barely misses you.
You slash Grinder!
Grinder is moderately wounded.
Grinder barely misses you.
Grinder blinks!
You hit Grinder.
Grinder is moderately wounded.
Grinder hits you.
You writhe in agony.
You closely miss Grinder.
Grinder is moderately wounded.
Grinder barely misses you.
You closely miss Grinder.
Grinder is moderately wounded.
Grinder hits you.
You writhe in agony.
Grinder says, "Don't move a muscle."
Grinder hits you but does no damage.
You closely miss Grinder.
Grinder is moderately wounded.
Grinder closely misses you.
You closely miss Grinder.
Grinder is moderately wounded.
Grinder hits you!
You writhe in agony.
You closely miss Grinder.
Grinder is moderately wounded.
Grinder hits you.
You writhe in agony.
* * * LOW HITPOINT WARNING * * *
You feel very mighty all of a sudden.
Grinder blinks!
Grinder closely misses you.
You closely miss Grinder.
Grinder is moderately wounded.
Grinder gestures at you.
You suddenly lose the ability to move!
Grinder hits you.
* * * LOW HITPOINT WARNING * * *
You writhe in agony.
* * * LOW HITPOINT WARNING * * *
Grinder hits you!
You die...

.....#.....######.##......[...##.
.##............#...#..........##.
.##.######..#####.##.............
###.# ##.# #.##.....(....### #
#.# #.# #.##..........# ###.#
#.#####.##..........#
....#######...##..##..........#
.#.#.#.#.#.#.###.###..........#
............(...@###..........#
.#.#.#.#.#.#.###.5......#########
..........>...........<#######...
.#.#.#.#.#.#.#.........[[........
..............###############....
.#.#.#.#.#.#.## ##...
.....###.##### #### .........#
##########


You could see Grinder.

Vanquished Creatures
  A water moccasin (D:3)
  Jessica (D:3)
  Terence (D:3)
  A gnoll (D:2)
  A howler monkey skeleton (D:4)
  2 adders
  4 orcs (D:3)
  5 endoplasms
  3 giant cockroaches
  4 goblins
  7 hobgoblins
  3 jackals (D:2)
  3 quokkas
  8 ball pythons
  4 bats
  5 frilled lizards
  3 kobolds
  8 rats
64 creatures vanquished.

Notes
Turn   | Place    | Note
-------+----------+-------------------------------------------
     0 | D:1      | gobodom the Demonspawn Gladiator began the quest for the
                  | Orb.
     0 | D:1      | Reached XP level 1. HP: 16/16 MP: 1/1
   312 | D:1      | Gained mutation: You have a pair of small antennae on your
                  | head. [demonic ancestry]
   312 | D:1      | Reached XP level 2. HP: 22/22 MP: 2/2
   795 | D:1      | Reached skill level 3 in Axes
   862 | D:1      | Found a faded altar of an unknown god.
  1692 | D:2      | Reached XP level 3. HP: 27/27 MP: 3/3
  1928 | D:2      | Found an opulent altar of Gozag.
  2052 | D:2      | You fall into a shaft and drop 2 floors!
  2065 | D:4      | Reached skill level 1 in Armour
  2336 | D:2      | Reached XP level 4. HP: 22/34 MP: 4/4
  2940 | D:3      | Noticed Jessica
  2954 | D:3      | Killed Jessica
  2992 | D:3      | Noticed a water moccasin
  3003 | D:3      | Killed a water moccasin
  3004 | D:3      | Reached skill level 4 in Axes
  3004 | D:3      | Gained mutation: Spells you cast may paralyse adjacent
                  | enemies. [demonic ancestry]
  3004 | D:3      | Reached XP level 5. HP: 29/40 MP: 5/5
  3226 | D:3      | Found a shadowy altar of Dithmenos.
  3243 | D:3      | Noticed Terence
  3254 | D:3      | Killed Terence
  3287 | D:3      | Noticed Grinder
  3292 | D:3      | Paralysed by Grinder for 4 turns
  3306 | D:3      | Paralysed by Grinder for 5 turns
  3746 | D:3      | Paralysed by Grinder for 4 turns
  3765 | D:3      | Paralysed by Grinder for 4 turns
  3766 | D:3      | HP: 2/41 [Grinder (3)]
  3767 | D:3      | Slain by Grinder

Illustrated notes

Levels and vault maps discovered:
D:1:      ebering_hopf_link, layout_loops_ring,
          hellmonk_ecumenical_altar_blasted
D:2:      layout_loops_corners, basic_altar, minmay_tripent
D:3:      minmay_spotlight, layout_rooms, mainiacjoe_overflow_chevrons,
          minmay_misc_feat_alley, st_stairs_12,
          nicolae_concentric_dashed_squares_wild, uniq_jessica, uniq_terence,
          uniq_grinder
D:4:      layout_basic, serial_shops, nicolae_inconvenience_store

Skill      XL: |  1  2  3  4  5 |
---------------+----------------+-----
Throwing       | 2 |  2.0
Axes           | 3 4 |  4.3
Dodging        | 3 |  3.5
Armour         | 1 2 |  2.0
Fighting       | 3 |  3.1
Stealth        | |  0.8

Action                   |  1- 3 |  4- 6 || total
-------------------------+-------+-------++-------
Melee: War axe           |   101 |    68 ||   169
Throw: Throwing net      |       |     4 ||     4
  Use: Scroll            |     7 |     4 ||    11
       Potion            |       |     3 ||     3
 Stab: Sleeping          |     1 |       ||     1
       Held in net/web   |       |     1 ||     1
Armor: Leather armour    |    30 |    15 ||    45
Dodge: Dodged            |    73 |    42 ||   115
